3L
SEATTLE ROCKETEERS @ D.C. DIVIDED
07/29/2039
 
TOP OF THE 1ST
Seattle Rocketeers batting - Pitching for D.C. Divided : RHP Ángel Rosas
Pitching: RHP Ángel Rosas
Batting: SHB Obke Preesman 0-0: Swinging Strike
0-1: Ball
1-1: Called Strike
1-2: Ball
2-2: Strikes out swinging
Batting: RHB Meester Gobbles-Rooster 0-0: Ground out 6-3 (Groundball, 6, EV 106.9 MPH)
Batting: RHB Alain Grosjean 0-0: Ball
1-0: Ball
2-0: Foul Ball, location: 2F
2-1: Fly out, F3 (Popup, 34, EV 70.6 MPH)
Top of the 1st over - 0 runs, 0 hits, 0 errors, 0 left on base; Seattle 0 - D.C. 0
BOTTOM OF THE 1ST
D.C. Divided batting - Pitching for Seattle Rocketeers : RHP Oliver Rodríguez
Pitching: RHP Oliver Rodríguez
Batting: LHB Dallas Ihde 0-0: Called Strike
0-1: Ball
1-1: Ball
2-1: Swinging Strike
2-2: Strikes out swinging
Batting: LHB Bill Butler 0-0: Ball
1-0: Foul Ball, location: 2F
1-1: Called Strike
1-2: Strikes out swinging
Batting: RHB Martín Chávez 0-0: SINGLE (Line Drive, 4D, EV 96.2 MPH)
Batting: LHB Alex Avery 0-0: Called Strike
Martín Chávez steals 2nd base
0-1: Foul Ball, location: 2F
0-2: Foul Ball, location: 2F
0-2: Ball
1-2: Ball
2-2: SINGLE (Line Drive, 8RS, EV 96.2 MPH)
Martín Chávez to third
Runner from 3rd tries for Home, SAFE, throw by CF to home
Alex Avery to second
Batting: RHB Kimi Okubo 0-0: Foul Ball, location: 2F
0-1: 2-RUN HOME RUN (Flyball, 7LD, EV 106.9 MPH), Distance : 355 ft
Batting: LHB Stanley Zijm 0-0: Foul Ball, location: 2F
0-1: Ground out 4-3 (Groundball, 34D, EV 105.6 MPH)
Bottom of the 1st over - 3 runs, 3 hits, 0 errors, 0 left on base; Seattle 0 - D.C. 3
TOP OF THE 2ND
Seattle Rocketeers batting - Pitching for D.C. Divided : RHP Ángel Rosas
Batting: SHB Glyn Bolasky 0-0: Called Strike
0-1: Foul Ball, location: 2F
0-2: Ball
1-2: Ball
2-2: Strikes out swinging
Batting: RHB Claudio Tappen 0-0: DOUBLE (Line Drive, 89D, EV 109.4 MPH)
Batting: SHB Charles Geudre 0-0: SINGLE (Groundball, 34D, EV 102.5 MPH)
Claudio Tappen to third
Runner from 3rd tries for Home, SAFE, throw by RF to home
Charles Geudre to second
Batting: RHB Jurgen Flurgenburgen 0-0: Foul Ball, location: 2F
0-1: SINGLE (Groundball, 56, EV 102.5 MPH) (infield hit)
Charles Geudre to third
Batting: SHB Lodd Felton 0-0: Ball
1-0: Ball
2-0: Foul Ball, location: 2F
2-1: Foul Ball, location: 2F
2-2: Strikes out swinging
Batting: SHB Joam Francia 0-0: Ball
1-0: Ball
2-0: Fly out, F8 (Flyball, 8LS, EV 94.4 MPH)
Top of the 2nd over - 1 run, 3 hits, 0 errors, 2 left on base; Seattle 1 - D.C. 3
BOTTOM OF THE 2ND
D.C. Divided batting - Pitching for Seattle Rocketeers : RHP Oliver Rodríguez
Batting: RHB Júlio Rodríguez 0-0: Swinging Strike
0-1: Fly out, F9 (Flyball, 9D, EV 91.2 MPH)
Batting: RHB Nick Boyd 0-0: Called Strike
0-1: Called Strike
0-2: Foul Ball, location: 2F
0-2: Ball
1-2: Strikes out swinging
Batting: RHB Gustavo González 0-0: Called Strike
0-1: Ball
1-1: Ball
2-1: Foul Ball, location: 2F
2-2: Foul Ball, location: 2F
2-2: Ground out 6-3 (Groundball, 6, EV 104.4 MPH)
Bottom of the 2nd over - 0 runs, 0 hits, 0 errors, 0 left on base; Seattle 1 - D.C. 3
TOP OF THE 3RD
Seattle Rocketeers batting - Pitching for D.C. Divided : RHP Ángel Rosas
Batting: SHB Obke Preesman 0-0: Ball
1-0: Ball
2-0: Foul Ball, location: 2F
2-1: Called Strike
2-2: Foul Ball, location: 2F
2-2: Ball
3-2: Strikes out swinging
Batting: RHB Meester Gobbles-Rooster 0-0: Foul Ball, location: 2F
0-1: Swinging Strike
0-2: Ball
1-2: Fly out, F8 (Flyball, 8RXD, EV 88.1 MPH)
Batting: RHB Alain Grosjean 0-0: Called Strike
0-1: Ground out 5-3 (Groundball, 5, EV 95.6 MPH)
Top of the 3rd over - 0 runs, 0 hits, 0 errors, 0 left on base; Seattle 1 - D.C. 3
BOTTOM OF THE 3RD
D.C. Divided batting - Pitching for Seattle Rocketeers : RHP Oliver Rodríguez
Batting: LHB Dallas Ihde 0-0: SINGLE (Groundball, 6MS, EV 86.2 MPH) (infield hit)
Batting: LHB Bill Butler 0-0: SINGLE (Line Drive, 6MD, EV 105.0 MPH)
Dallas Ihde to second
Batting: RHB Martín Chávez 0-0: Grounds into double play, 4-6-3 (Groundball, 4, EV 78.1 MPH)
Dallas Ihde to third
Batting: LHB Alex Avery 0-0: Swinging Strike
0-1: SINGLE (Groundball, 34D, EV 98.8 MPH)
Dallas Ihde scores
Batting: RHB Kimi Okubo 0-0: Ball
1-0: Foul Ball, location: 2F
1-1: Foul Ball, location: 2F
1-2: Ball
2-2: Fielders Choice at 2nd, 5-4 (Groundball, 56, EV 87.5 MPH)
Bottom of the 3rd over - 1 run, 3 hits, 0 errors, 1 left on base; Seattle 1 - D.C. 4
TOP OF THE 4TH
Seattle Rocketeers batting - Pitching for D.C. Divided : RHP Ángel Rosas
Batting: SHB Glyn Bolasky 0-0: Called Strike
0-1: SOLO HOME RUN (Flyball, 89XD, EV 85.6 MPH) (Inside the Park)
Batting: RHB Claudio Tappen 0-0: Ball
1-0: Ball
2-0: Ball
3-0: Base on Balls
Batting: SHB Charles Geudre 0-0: Ball
1-0: Swinging Strike
1-1: Called Strike
1-2: 2-RUN HOME RUN (Flyball, 89XD, EV 105.0 MPH), Distance : 440 ft
Batting: RHB Jurgen Flurgenburgen 0-0: Called Strike
0-1: Foul Ball, location: 2F
0-2: Fly out, F7 (Flyball, 7S, EV 80.6 MPH)
Batting: SHB Lodd Felton 0-0: Ball
1-0: Called Strike
1-1: Ball
2-1: Swinging Strike
2-2: Ball
3-2: Ground out 3-1 (Groundball, 34, EV 90.6 MPH)
Batting: SHB Joam Francia 0-0: Called Strike
0-1: Called Strike
0-2: Strikes out swinging
Top of the 4th over - 3 runs, 2 hits, 0 errors, 0 left on base; Seattle 4 - D.C. 4
BOTTOM OF THE 4TH
D.C. Divided batting - Pitching for Seattle Rocketeers : RHP Oliver Rodríguez
Batting: LHB Stanley Zijm 0-0: Ball
1-0: Fly out, F7 (Flyball, 7LMF, EV 109.4 MPH)
Batting: RHB Júlio Rodríguez 0-0: Foul Ball, location: 2F
0-1: Foul Ball, location: 2F
0-2: Ball
1-2: Strikes out swinging
Batting: RHB Nick Boyd 0-0: Ball
1-0: Foul Ball, location: 2F
1-1: Ball
2-1: Ball
3-1: Foul Ball, location: 2F
3-2: Ground out 6-3 (Groundball, 6, EV 103.8 MPH)
Bottom of the 4th over - 0 runs, 0 hits, 0 errors, 0 left on base; Seattle 4 - D.C. 4
TOP OF THE 5TH
Seattle Rocketeers batting - Pitching for D.C. Divided : RHP Ángel Rosas
Batting: SHB Obke Preesman 0-0: Called Strike
0-1: Ball
1-1: Swinging Strike
1-2: Ball
2-2: Ball
3-2: Foul Ball, location: 2F
3-2: Foul Ball, location: 2F
3-2: Strikes out swinging
Batting: RHB Meester Gobbles-Rooster 0-0: Ball
1-0: Ball
2-0: Called Strike
2-1: SINGLE (Groundball, 4MD, EV 102.5 MPH)
Batting: RHB Alain Grosjean 0-0: Ball
1-0: Ball
2-0: Ball
3-0: Called Strike
3-1: Foul Ball, location: 2F
3-2: Foul Ball, location: 2F
3-2: Foul Ball, location: 2F
3-2: Base on Balls
Meester Gobbles-Rooster to second
Batting: SHB Glyn Bolasky 0-0: Fielders Choice at 2nd, 2-6 (Groundball, 13S, EV 73.8 MPH)
Meester Gobbles-Rooster to third
Batting: RHB Claudio Tappen 0-0: Fielders Choice at 2nd, 5-4 (Groundball, 5, EV 109.4 MPH)
Top of the 5th over - 0 runs, 1 hit, 0 errors, 2 left on base; Seattle 4 - D.C. 4
BOTTOM OF THE 5TH
D.C. Divided batting - Pitching for Seattle Rocketeers : RHP Oliver Rodríguez
Batting: RHB Gustavo González 0-0: Ground out 4-3 (Groundball, 4S, EV 66.9 MPH)
Batting: LHB Dallas Ihde 0-0: Ball
1-0: Ball
2-0: Called Strike
2-1: Swinging Strike
2-2: Foul Ball, location: 2F
2-2: Foul Ball, location: 2F
2-2: Ball
3-2: Base on Balls
Batting: LHB Bill Butler 0-0: Called Strike
0-1: Ball
1-1: Fly out, F7 (Flyball, 78S, EV 78.8 MPH)
Batting: RHB Martín Chávez 0-0: Ball
Dallas Ihde is caught stealing 2nd base 2-4
Bottom of the 5th over - 0 runs, 0 hits, 0 errors, 0 left on base; Seattle 4 - D.C. 4
TOP OF THE 6TH
Seattle Rocketeers batting - Pitching for D.C. Divided : RHP Ángel Rosas
Pitching: RHP Luis Bejarano
Batting: SHB Charles Geudre 0-0: Foul Ball, location: 2F
0-1: Ball
1-1: Swinging Strike
1-2: Foul Ball, location: 2F
1-2: Foul Ball, location: 2F
1-2: Ball
2-2: SINGLE (Line Drive, 78S, EV 103.1 MPH)
Batting: RHB Jurgen Flurgenburgen 0-0: Sac Bunt to 2L - play at first, batter OUT! 2-4
Charles Geudre to second
Batting: SHB Lodd Felton 0-0: Ball
1-0: Foul Ball, location: 2F
1-1: Ball
2-1: Foul Ball, location: 2F
2-2: Fly out, F9 (Line Drive, 9, EV 85.6 MPH)
Batting: SHB Joam Francia 0-0: Called Strike
0-1: Ball
1-1: Ball
2-1: Foul Ball, location: 2F
2-2: Ball
3-2: Foul Ball, location: 2F
3-2: Strikes out swinging
Top of the 6th over - 0 runs, 1 hit, 0 errors, 1 left on base; Seattle 4 - D.C. 4
BOTTOM OF THE 6TH
D.C. Divided batting - Pitching for Seattle Rocketeers : RHP Oliver Rodríguez
Batting: RHB Martín Chávez 0-0: Called Strike
0-1: Ball
1-1: Swinging Strike
1-2: Strikes out looking
Batting: LHB Alex Avery 0-0: Ball
1-0: Foul Ball, location: 2F
1-1: SINGLE (Flyball, 78S, EV 90.0 MPH)
Batting: RHB Kimi Okubo 0-0: Ball
Wild Pitch!
Alex Avery to second
1-0: Foul Ball, location: 2F
1-1: Called Strike
1-2: Foul Ball, location: 2F
1-2: Ball
2-2: Ground out 6-3 (Groundball, 56, EV 103.8 MPH)
Batting: LHB Stanley Zijm 0-0: Ball
Passed Ball!
Alex Avery to third
1-0: Ball
2-0: DOUBLE (Flyball, 8LXD, EV 91.2 MPH)
Alex Avery scores
Batting: RHB Júlio Rodríguez 0-0: Called Strike
0-1: Ball
1-1: Ball
2-1: 2-RUN HOME RUN (Flyball, 7D, EV 91.2 MPH), Distance : 381 ft
Pitching: RHP Al Gagne
Batting: RHB Nick Boyd 0-0: Called Strike
0-1: Ball
1-1: Foul Ball, location: 2F
1-2: Ball
2-2: Strikes out swinging
Bottom of the 6th over - 3 runs, 3 hits, 0 errors, 0 left on base; Seattle 4 - D.C. 7
TOP OF THE 7TH
Seattle Rocketeers batting - Pitching for D.C. Divided : RHP Luis Bejarano
Pitching: RHP Trevor Brohard
Batting: SHB Obke Preesman 0-0: Ball
1-0: Called Strike
1-1: Foul Ball, location: 2F
1-2: Foul Ball, location: 2F
1-2: Ball
2-2: Ball
3-2: Foul Ball, location: 2F
3-2: SINGLE (Line Drive, 78S, EV 106.2 MPH)
Batting: RHB Meester Gobbles-Rooster 0-0: Fly out, F7 (Flyball, 7S, EV 83.1 MPH)
Batting: RHB Alain Grosjean 0-0: Grounds into double play, 4-6-3 (Groundball, 4, EV 106.2 MPH)
Top of the 7th over - 0 runs, 1 hit, 0 errors, 0 left on base; Seattle 4 - D.C. 7
BOTTOM OF THE 7TH
D.C. Divided batting - Pitching for Seattle Rocketeers : RHP Al Gagne
Batting: RHB Gustavo González 0-0: Ball
1-0: Foul Ball, location: 2F
1-1: Ball
2-1: Foul Ball, location: 2F
2-2: Foul Ball, location: 2F
2-2: Foul Ball, location: 2F
2-2: Ball
3-2: Foul Ball, location: 2F
3-2: Base on Balls
Batting: LHB Dallas Ihde 0-0: Foul Ball, location: 2F
0-1: Sac Bunt to 13 - play at first, batter OUT! 1-3
Gustavo González to second
Batting: LHB Bill Butler 0-0: Intentional Walk
Batting: RHB Martín Chávez 0-0: Foul Ball, location: 2F
0-1: Called Strike
0-2: Fielders Choice at 2nd, 4-6 (Groundball, 4M, EV 103.1 MPH)
Gustavo González to third
Batting: LHB Alex Avery 0-0: Ball
1-0: Called Strike
1-1: Foul Ball, location: 2F
1-2: Strikes out swinging
Bottom of the 7th over - 0 runs, 0 hits, 0 errors, 2 left on base; Seattle 4 - D.C. 7
TOP OF THE 8TH
Seattle Rocketeers batting - Pitching for D.C. Divided : RHP Trevor Brohard
Batting: SHB Glyn Bolasky 0-0: Foul Ball, location: 2F
0-1: Ball
1-1: Called Strike
1-2: Ball
2-2: Ball
3-2: Base on Balls
Batting: RHB Claudio Tappen 0-0: Ball
1-0: Called Strike
1-1: Ball
2-1: Called Strike
2-2: Fly out, F9 (Flyball, 9S, EV 75.0 MPH)
Batting: SHB Charles Geudre 0-0: Fly out, F5 (Popup, 25, EV 86.2 MPH)
Batting: RHB Jurgen Flurgenburgen 0-0: Ball
1-0: Called Strike
1-1: Ball
2-1: DOUBLE (Line Drive, 78D, EV 104.4 MPH)
Glyn Bolasky to third
Runner from 3rd tries for Home, SAFE, no throw by CF
Batting: SHB Lodd Felton 0-0: Ball
1-0: Called Strike
1-1: Called Strike
1-2: Ball
2-2: Ball
3-2: Base on Balls
Batting: SHB Joam Francia 0-0: Called Strike
0-1: Ball
1-1: Swinging Strike
1-2: SINGLE (Groundball, 4MD, EV 94.4 MPH)
Jurgen Flurgenburgen to third
Lodd Felton to second
Runner from 3rd tries for Home, SAFE, no throw by CF
Batting: SHB Obke Preesman 0-0: Ball
1-0: Called Strike
1-1: Ball
2-1: Foul Ball, location: 2F
2-2: Strikes out swinging
Top of the 8th over - 2 runs, 2 hits, 0 errors, 2 left on base; Seattle 6 - D.C. 7
BOTTOM OF THE 8TH
D.C. Divided batting - Pitching for Seattle Rocketeers : RHP Al Gagne
Batting: RHB Kimi Okubo 0-0: Ball
1-0: Foul Ball, location: 2F
1-1: Called Strike
1-2: Foul Ball, location: 2F
1-2: Strikes out swinging, 2-3 out at first.
Batting: LHB Stanley Zijm 0-0: Ball
1-0: Ball
2-0: Ball
3-0: Base on Balls
Batting: RHB Júlio Rodríguez 0-0: Called Strike
0-1: Ball
Stanley Zijm is caught stealing 2nd base 2-4
1-1: Swinging Strike
1-2: Fly out, F7 (Flyball, 7S, EV 83.1 MPH)
Bottom of the 8th over - 0 runs, 0 hits, 0 errors, 0 left on base; Seattle 6 - D.C. 7
TOP OF THE 9TH
Seattle Rocketeers batting - Pitching for D.C. Divided : RHP Trevor Brohard
Batting: RHB Meester Gobbles-Rooster 0-0: Fly out, F9 (Flyball, 9LDF, EV 94.4 MPH)
Batting: RHB Alain Grosjean 0-0: Ball
1-0: Ball
2-0: Swinging Strike
2-1: SINGLE (Groundball, 34D, EV 108.8 MPH)
Pitching: LHP Yushua Wazir
Pinch Hitting: RHB Bastiaan Pieterse 0-0: Ball
1-0: Ball
2-0: DOUBLE (Line Drive, 7LS, EV 108.8 MPH)
Alain Grosjean to third
Runner from 3rd tries for Home, SAFE, throw by LF to home
Pinch Runner at 2nd Bogumil Tiwontschik:
Batting: RHB Claudio Tappen 0-0: Intentional Walk
Batting: SHB Charles Geudre 0-0: Called Strike
0-1: DOUBLE (Line Drive, 78M, EV 101.2 MPH)
Bogumil Tiwontschik scores
Claudio Tappen to third
Batting: RHB Jurgen Flurgenburgen 0-0: Intentional Walk
Batting: SHB Lodd Felton 0-0: Called Strike
0-1: Swinging Strike
0-2: Ball
1-2: Foul Ball, location: 2F
1-2: Strikes out looking
Batting: SHB Joam Francia 0-0: Called Strike
0-1: Foul Ball, location: 2F
0-2: Foul Ball, location: 2F
0-2: Foul Ball, location: 2F
0-2: Ball
1-2: Ball
2-2: Ground out 1-3 (Groundball, 34S, EV 95.0 MPH)
Top of the 9th over - 2 runs, 3 hits, 0 errors, 3 left on base; Seattle 8 - D.C. 7
BOTTOM OF THE 9TH
D.C. Divided batting - Pitching for Seattle Rocketeers : RHP Al Gagne
Pitching: RHP Dragutin Petrovic
Now in RF: Juan Gutiérrez
Batting: RHB Nick Boyd 0-0: Ball
1-0: Swinging Strike
1-1: Ball
2-1: Foul Ball, location: 2F
2-2: Ground out 6-3 (Groundball, 6M, EV 79.4 MPH)
Pinch Hitting: RHB Mario Castillo 0-0: Called Strike
0-1: Called Strike
0-2: Foul Ball, location: 2F
0-2: Foul Ball, location: 2F
0-2: Strikes out swinging
Batting: LHB Dallas Ihde 0-0: Ball
1-0: DOUBLE (Groundball, 3L, EV 101.2 MPH)
Batting: LHB Bill Butler 0-0: Fly out, F9 (Flyball, 89M, EV 91.2 MPH)
Bottom of the 9th over - 0 runs, 1 hit, 0 errors, 1 left on base; Seattle 8 - D.C. 7
Wednesday, July 8th, 2020 - OOTP Baseball 20.8 Build 74